Cogmind - Beta 10.2 @@@ ROGUE MODE // 2021.08.11 @ 23:34:12 Player: thingamajigger Result: Destroyed by 8R-AWN with 8R-AWN's Boregun Performance ------------- Evolutions (0) 0 Regions Visited (3) 600 Robots Destroyed (18) 90 Value Destroyed (330) 330 Prototype IDs (23) 460 Alien Tech Used (0) 0 Bonus (288) 288 TOTAL SCORE: 1768 Bonus ------- Aligned with FarCom 300 Friendly Fire -12 Cogmind --------- Core Integrity 0/250 Matter 129/300 Energy 100/100 System Corruption 0% Temperature Cool (42) Movement Core (650) Ox12 Location -10/Exiles Parts ------- > --- POWER (1) -------- (None) > --- PROPULSION (2) --- (None) > --- UTILITY (2) ------ High-capacity Storage Unit > --- WEAPON (2) ------- Autogun Autogun > --- INVENTORY (12) --- Improved Heat Sink High-capacity Storage Unit Large Matter Pod (0) Large Matter Pod (0) Modified TNC Guided Plasma Cannon Assault Rifle Assault Rifle Light Assault Rifle Autogun Hammer Peak State ------------ > --- POWER ------------ Ion Engine > --- PROPULSION ------- Light Treads > --- UTILITY ---------- High-capacity Storage Unit High-capacity Storage Unit > --- WEAPON ----------- Guided Plasma Cannon Assault Rifle > --- INVENTORY -------- Improved Heat Sink Large Matter Pod Large Matter Pod Modified TNC Hardened Light Armor Plating Assault Rifle Light Assault Rifle Autogun Autogun Autogun Autogun Hammer [Rating: 15] Favorites ----------- Power Ion Engine Engine Ion Engine Propulsion Light Treads Treads Light Treads Leg Aluminum Leg Utility Small Storage Unit Storage Small Storage Unit Protection Hardened Light Armor Plating Weapon Assault Rifle Energy Cannon Guided Plasma Cannon Ballistic Gun Assault Rifle Build | -11 -10 -10 -10 ------- Run | Scr Mat Min Exi Slots Evolved . | . . . . Power . | . . . . Propulsion . | . . . . Utility . | . . . . Weapon . | . . . . Parts Attached 20 | 7 3 1 9 Power 2 | 1 1 . . Engine 2 | 1 1 . . Core . | . . . . Reactor . | . . . . Propulsion 3 | 2 . . 1 Treads 2 | 2 . . . Leg 1 | . . . 1 Wheel . | . . . . Hover . | . . . . Flight . | . . . . Utility 6 | 2 . 1 3 Device . | . . . . Storage 5 | 2 . 1 2 Processor . | . . . . Hackware . | . . . . Protection 1 | . . . 1 Artifact . | . . . . Weapon 9 | 2 2 . 5 Energy Gun . | . . . . Energy Cannon 1 | . . . 1 Ballistic Gun 8 | 2 2 . 4 Ballistic Cannon . | . . . . Launcher . | . . . . Special Weapon . | . . . . Impact Weapon . | . . . . Slashing Weapon . | . . . . Piercing Weapon . | . . . . Special Melee Weapon . | . . . . Unidentified Prototypes . | . . . . Parts Lost 8 | . 2 1 5 Power 2 | . 1 . 1 Propulsion 3 | . . 1 2 Utility 1 | . . . 1 Weapon 2 | . 1 . 1 Highest Loss Streak 4 | . 2 1 4 Average Slot Usage (%) 89 | . 99 85 84 Engine 13 | . 13 14 14 Treads 18 | . 28 14 13 Storage 27 | . 28 28 27 Energy Cannon 1 | . . . 2 Ballistic Gun 26 | . 27 28 25 Naked Turns . | . . . . Heaviest Build 81 | 17 18 29 81 Greatest Support 40 | 40 40 20 20 Greatest Overweight (x) 24 | . . 1 24 Average Overweight (x) 1 | . . . 2 Largest Inventory Capacity 20 | 8 8 12 20 Average Capacity 13 | 5 8 11 17 Most Carried 14 | 1 8 9 14 Average Carried 9 | . 6 8 11 Final Capacity 12 | 8 8 12 12 Final Carried 11 | 1 8 9 11 Class Distribution -------------------- 64% | Mutant 35% | Hauler-Mutant Dominant Class ---------------- Mutant | -10/Materials Mutant | -10/Mines Hauler-Mutant | -10/Exiles Resources | -11 -10 -10 -10 ----------- Run | Scr Mat Min Exi Matter Collected 726 | 243 204 69 210 Remotely . | . . . . Salvage Created 664 | 92 469 46 57 Parts 36 | 3 26 7 . Haulers Intercepted . | . . . . Recyclers Shooed 1 | . 1 . . Parts Field Recycled . | . . . . Retrieved Matter . | . . . . Parts Self-Destructed . | . . . . Prevented . | . . . . Kills | -11 -10 -10 -10 ------- Run | Scr Mat Min Exi Combat Hostiles Destroyed 18 | . 11 3 4 Guns 16 | . 11 3 2 Cannons 2 | . . . 2 Classes Destroyed 6 | 1 4 . 1 Builder 1 | . 1 . . Recycler 2 | 1 1 . . Watcher 1 | . 1 . . Swarmer 8 | . 5 3 . Grunt 6 | . 6 . . Assembled 4 | . . . 4 Best Kill Streak 4 | 1 4 3 4 Combat Bots Only 4 | . 4 3 4 Max Kills in Single Turn 1 | 1 1 1 1 Gunslinging . | . . . . Exploded . | . . . . Melee . | . . . . Uniques/NPCs Destroyed . | . . . . Combat | -11 -10 -10 -10 -------- Run | Scr Mat Min Exi Damage Taken 1360 | . 633 89 638 Core 267 | . 82 16 169 Absorbed by Shields . | . . . . Core Remaining (%) 100 | 100 . . . Volleys Fired 88 | 1 54 10 23 Largest 2 | 2 2 2 2 Hottest 120 | 40 43 40 120 Shots Fired 171 | 2 108 20 41 Gun 167 | 2 108 20 37 Cannon 4 | . . . 4 Launcher . | . . . . Special . | . . . . Kinetic 167 | 2 108 20 37 Thermal 4 | . . . 4 Explosive . | . . . . Electromagnetic . | . . . . Robot Hit Streak 21 | 2 17 7 21 Robot Miss Streak 8 | . 8 2 3 Penetration Max . | . . . . Secondary Targets 1 | . . . 1 Max Gunslinging Chain 1 | . . . 1 Shots Hit Robots 101 | 2 55 13 31 Core Hits 34 | 2 20 3 9 Critical Hits 1 | . . . 1 Critical Kills . | . . . . Critical Parts Destroyed 1 | . . . 1 Melee Attacks . | . . . . Impact . | . . . . Slashing . | . . . . Piercing . | . . . . Sneak Attacks . | . . . . Combat Hostiles . | . . . . Follow-up Attacks . | . . . . Damage Inflicted 1392 | 23 673 126 570 Guns 1288 | 23 673 126 466 Cannons 104 | . . . 104 Explosions . | . . . . Melee . | . . . . Ramming . | . . . . Kinetic 1288 | 23 673 126 466 Thermal 104 | . . . 104 Explosive . | . . . . Electromagnetic . | . . . . Impact . | . . . . Slashing . | . . . . Piercing . | . . . . Highest Corruption . | . . . . Average Corruption . | . . . . Corruption Purged . | . . . . Overload Shots . | . . . . Overflow Damage . | . . . . Projectiles . | . . . . Explosions . | . . . . Melee . | . . . . Knockbacks . | . . . . Impact . | . . . . Kinetic . | . . . . Secondary . | . . . . Self-Inflicted Damage . | . . . . Shots . | . . . . Rammed . | . . . . Targets Rammed . | . . . . Kicked . | . . . . Crushed . | . . . . Highest Temperature 240 | . 15 . 240 Average Temperature 56 | . 4 . 67 Received Heat Transfer 228 | . 228 . . Effects 1 | . . . 1 Interference 1 | . . . 1 Siege Activations . | . . . . Robots Corrupted . | . . . . Combat Hostiles . | . . . . Parts Fried . | . . . . Impact Corruptions . | . . . . Robots Melted . | . . . . Combat Hostiles . | . . . . Parts Melted . | . . . . Heat Transferred 240 | . . . 240 Parts Sabotaged . | . . . . Parts Stolen . | . . . . Parts Stripped . | . . . . Power Chain Reactions . | . . . . Missiles Intercepted . | . . . . Alert | -11 -10 -10 -10 ------- Run | Scr Mat Min Exi Peak Influence 207 | 5 207 102 . Initial 42 | . 3 42 . Average 85 | 1 86 100 . Maximum Alert Level 1 | . 1 . . Low Security (%) 90 | 100 85 100 . Level 1 9 | . 14 . . Level 2 . | . . . . Level 3 . | . . . . Level 4 . | . . . . Level 5 . | . . . . High Security . | . . . . Max Security . | . . . . Squads Dispatched . | . . . . Investigation . | . . . . Extermination . | . . . . Reinforcement . | . . . . Assault . | . . . . Garrison . | . . . . Intercept . | . . . . Construction Impeded . | . . . . Haulers Reinforced . | . . . . Stealth | -11 -10 -10 -10 --------- Run | Scr Mat Min Exi Distress Signals 2 | . 2 . . Communications Jammed . | . . . . Distress Signals . | . . . . Times Spotted 33 | . 22 3 8 Peak Tracking Total 9 | . 5 3 9 Tactical Retreats 1 | . 1 . . Traps | -11 -10 -10 -10 ------- Run | Scr Mat Min Exi Traps Triggered . | . . . . Indirectly . | . . . . Trap Hack Attempts . | . . . . Triggered . | . . . . Disarmed . | . . . . Reprogrammed . | . . . . Reused . | . . . . Traps Extracted . | . . . . Installed . | . . . . Triggered . | . . . . Machines | -11 -10 -10 -10 ---------- Run | Scr Mat Min Exi Machines Disabled 2 | . . . 2 Max in Single Turn 1 | . . . 1 Machines Sabotaged . | . . . . Garrisons Compromised . | . . . . Overloaded Fab Kills . | . . . . Fab Network Shutdowns . | . . . . Hacking | -11 -10 -10 -10 --------- Run | Scr Mat Min Exi Machines Accessed 3 | . 1 . 2 Terminals 1 | . 1 . . Fabricators . | . . . . Repair Stations . | . . . . Recycling Units . | . . . . Scanalyzers . | . . . . Garrison Access . | . . . . Total Hacks 6 | . 4 . 2 Successful 6 | . 4 . 2 Failed . | . . . . Catastrophic . | . . . . Database Lockouts . | . . . . Manual 3 | . 2 . 1 Terminals 4 | . 4 . . Fabricators . | . . . . Repair Stations . | . . . . Recycling Units . | . . . . Scanalyzers . | . . . . Garrison Access . | . . . . Terminal Hacks 4 | . 2 . 2 Record 2 | . 1 . 1 Robot Analysis 1 | . 1 . . EX-Prototype ID Bank 1 | . . . 1 Fabricator Hacks . | . . . . Repair Station Hacks . | . . . . Recycling Unit Hacks . | . . . . Scanalyzer . | . . . . Garrison Access Hacks . | . . . . Unauthorized Hacks 2 | . 2 . . Terminals 2 | . 2 . . Botnet 1 | . 1 . . Operators 1 | . 1 . . Fabricators . | . . . . Repair Stations . | . . . . Recycling Units . | . . . . Scanalyzers . | . . . . Garrison Access . | . . . . Data Cores Recovered . | . . . . Used . | . . . . Hacking Detections 1 | . 1 . . Full Trace Events . | . . . . Feedback Events . | . . . . Feedback Blocked . | . . . . Robot Schematics Acquired . | . . . . Robots Built . | . . . . Matter . | . . . . Time . | . . . . Total Robot Build Rating . | . . . . Part Schematics Acquired . | . . . . Parts Built . | . . . . Matter . | . . . . Time . | . . . . Total Part Build Rating . | . . . . Parts Repaired . | . . . . Time . | . . . . Parts Recycled . | . . . . Recycled Matter . | . . . . Retrieved Matter . | . . . . Retrieved Components . | . . . . Parts Scanalyzed . | . . . . Part Schematics Acquired . | . . . . Parts Damaged . | . . . . Bothacking | -11 -10 -10 -10 ------------ Run | Scr Mat Min Exi Used RIF Installer . | . . . . Robots Hacked . | . . . . Non-combat . | . . . . Combat . | . . . . Robot Hacks Applied . | . . . . Relay Couplers Released . | . . . . Robots Rewired . | . . . . Allies Hacked . | . . . . Hacks Repelled . | . . . . Allies | -11 -10 -10 -10 -------- Run | Scr Mat Min Exi Total Allies 3 | . . 3 . Largest Group 3 | . . 3 3 Highest-Rated Group 40 | . . 40 40 Highest-Rated Ally 16 | . . 16 16 Total Orders 4 | . . . 4 STAY 4 | . . . 4 Ally Attacks 19 | . . . 19 Total Damage 200 | . . . 200 Kills 2 | . . . 2 Allies Corrupted . | . . . . Allies Melted . | . . . . Intel | -11 -10 -10 -10 ------- Run | Scr Mat Min Exi Robot Analysis Total 1 | . 1 . . Derelict Logs Recovered 2 | . . 2 . Drone Launches . | . . . . Drone Recoveries . | . . . . Exploration | -11 -10 -10 -10 ------------- Run | Scr Mat Min Exi Turns Passed 2337 | 88 756 370 1123 Spaces Moved 1033 | 44 343 185 461 Core 5 | 4 . . 1 Treads 1025 | 40 343 185 457 Legs 3 | . . . 3 Wheels . | . . . . Hover . | . . . . Flight . | . . . . Fastest Speed 50 | 50 160 160 180 Average Speed 186 | 150 160 178 213 Slowest Speed 1250 | 160 160 180 1250 Overloaded Moves . | . . . . Propulsion Burnouts . | . . . . Robots Hopped . | . . . . Cave-ins Triggered . | . . . . Exploration Rate (%) 43 | 3 62 39 69 Regions Visited 3 Branch Regions 2 Pre-discovered Areas 1 | . . . 1 Known Exits Taken . | . . . . Unknown Exits Taken 3 | 1 1 1 . Scrap Searched 1 | . . 1 . Spaces Dug . | . . . . Terrain Destroyed . | . . . . Melee . | . . . . Projectile . | . . . . AOE . | . . . . Terrain Rammed . | . . . . Walls Destroyed . | . . . . Machines Disabled . | . . . . Actions | -11 -10 -10 -10 --------- Run | Scr Mat Min Exi Total 1278 | 61 449 206 562 Wait 109 | 9 30 9 61 Move 1030 | 43 342 184 461 Hop . | . . . . Pick Up 19 | 1 13 1 4 Fast Attach 10 | 7 2 . 1 Attach 3 | . 1 . 2 Detach 2 | . 1 . 1 Swap 7 | . . 1 6 Drop 10 | . 6 1 3 Fire 88 | 1 54 10 23 Melee . | . . . . Ram . | . . . . Kick . | . . . . Crush . | . . . . Escape Stasis . | . . . . Rewire . | . . . . Trap . | . . . . Miscellaneous . | . . . . Route ------- -11/Scrapyard -10/Materials -10/Mines (discovered 2 exits: [*Mat] / *Exi) -10/Exiles (discovered 1 exit: [*Min]) History --------- Turn | Location | Event 5 | -11/Scrapyard | Discovered new exit (range 15) 89 | -11/Scrapyard | Entered Materials 311 | -10/Materials | Build established: Mutant 718 | -10/Materials | Discovered new exit (range 14) 845 | -10/Materials | Entered Mines 973 | -10/Mines | Learned Materials terminal intel 998 | -10/Mines | Assisted by bots powering up and referring to "LRC-V3" 1025 | -10/Mines | Discovered new exit (range 5) 1196 | -10/Mines | Deemed a non-threat by the Exiles lab entrance 1198 | -10/Mines | Discovered new exit (range 5) 1215 | -10/Mines | Entered Exiles 1215 | -10/Exiles | Accompanied by 3 allies 1257 | -10/Exiles | Met 8R-AWN 1286 | -10/Exiles | Met EX-HEX 1375 | -10/Exiles | Met EX-DEC 1405 | -10/Exiles | Learned location of Zion (-6) 1578 | -10/Exiles | Met EX-BIN 1609 | -10/Exiles | Aligned with FarCom system 1611 | -10/Exiles | Given EX-Vault access code 1666 | -10/Exiles | Opened EX-Vault 1684 | -10/Exiles | Found Modified TNC 1687 | -10/Exiles | Found Gui. Plasma Cannon 1697 | -10/Exiles | Found YOLO Cannon 1739 | -10/Exiles | Warned to stay clear of 0b10 Research branches 1759 | -10/Exiles | Build established: Hauler-Mutant 2034 | -10/Exiles | Discovered new exit (range 15) 2208 | -10/Exiles | Attacked by the Exiles 2312 | -10/Exiles | Core integrity fell below 50% 2321 | -10/Exiles | Core integrity fell below 20% 2338 | -10/Exiles | Destroyed by 8R-AWN with 8R-AWN's Boregun Last Messages --------------- 02326_ HV Slug penetrates Wall. 02326_ Penetrated by HV Slug. 02326_ HV Slug penetrates Wall. 02329_ Penetrated by HV Slug. 02329_ Critical hit. 02329_ Autogun destroyed. 02329_ HV Slug penetrates Wall. 02329_ Penetrated by HV Slug. 02329_ HV Slug penetrates Wall. 02331_ Penetrated by HV Slug. 02331_ HV Slug penetrates Wall. 02333_ Penetrated by HV Slug. 02333_ Ion Engine destroyed. 02333_ HV Slug penetrates Wall. 02333_ Penetrated by HV Slug. 02333_ Critical hit. 02333_ HV Slug penetrates Wall. 02335_ Penetrated by HV Slug. 02338_ Hrd. Light Armor Plating destroyed. 02338_ Penetrated by HV Slug. Map ----- +----------------------------------------------------+ | ?????????????????????????????????????????????????? | | ?????????????????????????????????????????????????? | | ???????????? ????????????????????????????????????? | | ????????? ???????????????????????????????????? | | ????????# < ???????????????????????????????????? | | ????????# #??????????????????????????????????? | | ????????# ??????????????????????????????????? | | ????????? ??????????????????????????????????? | | ?????????# ??????????????????????????????????? | | ?????????# #?????????????????????????????????? | | ??????????# ?????????????#######?????????????? | | ??????????# #######??????#!!! "#?????????????? | | ??????????# #""##?????# "#?????????????? | | ???????????# #?????# "#?????????????? | | ???????????##" ##???## ""#????????????## | | ???????????#"" #####" ""#???????????? | | ??????????????# ] ##" ""#????????????" | | ??????????????## #"" #??????????????" | | ???????????????#"## #?????????????"" | | ???????????????####### ##????????????"" | | ?????????????????????### "#???????????? | | ???????????????########" %% % ###???????????" | | ???????????????# """""% g% %% ##??????????# | | ???????????????#! ! *[ ###" ######???### | | ???????????????#! ! "#?##" ""#####X# | | ???????????????#! @##??#" | | ???????????????# !""""""#;#???#"# | | ???????????????#########;##???#### | | ???????????????????????? ????????### | | ???????????????????????# ??????????### | | ??????????????????????? #????????????## | | ??????????????????????? ??????????????## | | ??????????????????????# ???????????????##" | | ?????????????????????? #????????????????#""" | | ?????????????????????? ????????????????##" | | ?????????????????????? ????????????????#"" | | ????????????????????? #????????????????#""" | | ????????????????????? ?????????????????""" | | ????????????????????? ?????????????????""" | | ??????????????????????????????????????#"" | | ??????????????????????????????????????#""" | | ???????????????????????????????????????"" | | ???????????????????????????????????????#"" | | ???????????????????????????????????????#"""" | | ????????????????????????????????????????# | | ????????????????????????????????????????#" | | ????????????????????????????????????????#"""" | | ????????????????????????????????????????#"" | | ?????????????????????????????????????????? | | ?????????????????????????????????????????""" | +----------------------------------------------------+ Best States ------------- Heat Dissipation 25 Energy Generation 10 Energy Capacity 250 Matter Stores 297 Matter Capacity 300 Sight Range 16 Terrain Scan Density 10 Armor Coverage 150 Evasion (%) 40 Recoil Reduction 2 Item Schematics ----------------- None Robot Schematics ------------------ None Fabricated ------------ Nothing Alien Tech Used ----------------- None Achievements -------------- None Challenges ------------ None Game ------ Seed SegregatorTeslaInterpreter Manual? 0 Play Time 00:12:04 Cumulative 97.5 hours Start 2021.08.11 @ 23:26:07 End 2021.08.11 @ 23:34:12 Sessions 1 Manual Loads 0 Difficulty Rogue Special Mode None Game No. 166 Rogue 154 Adventurer 4 Explorer 8 Win Type - Total 7 Types 6/0/0/1/0/0/0/0/0 Lore% 61 Gallery% 78 Achievement% 62 Wizard Run 0 Options --------- ASCII 0 Keyboard 1 Movement Numpad Keybinds 0 Fullscreen 1 Font 18/SmallcapsGlow Map View 76x50 Tactical HUD 1 Map Filters NONE Filters NONE Steam 1 RUN: c8b31872-9ebb-4cee-8bbb-722e9169d66b